 Dungeon Crawl Stone Soup version 0.26-b1-32-g5d43845318 (webtiles) character file.

Game seed: 3770238345473373343

109 Borgoz the Cudgeller (level 4, 0/38 HPs)
             Began as a Ghoul Gladiator on Jan 13, 2021.
             Slain by Natasha (6 damage)
             ... on level 2 of the Dungeon.
             The game lasted 00:01:07 (1116 turns).

Borgoz the Cudgeller (Ghoul Gladiator)              Turns: 1116, Time: 00:01:07

Health: 0/38       AC:  4    Str: 17    XL:     4   Next: 89%
Magic:  3/3        EV: 12    Int:  3    God:
Gold:   117        SH:  0    Dex: 11    Spells: 3/3 levels left

rFire    . . .     SeeInvis .   a - +0 flail
rCold    + . .     Faith    .   (no shield)
rNeg     + + +     Spirit   .   b - +0 leather armour
rPois    ∞         Reflect  .   c - +0 helmet
rElec    .         Harm     .   (no cloak)
rCorr    .         Rampage  .   (no gloves)
Will     .....                  (no boots)
Stlth    +.........             (no amulet)
HPRegen  0.00/turn              (no ring)
MPRegen  0.08/turn              (no ring)

@: no status effects
A: claws 1, cold resistance 1, negative energy resistance 3, inhibited
regeneration, torment resistance, unbreathing
a: no special abilities


You were on level 2 of the Dungeon.
You visited 1 branch of the dungeon, and saw 2 of its levels.

You collected 117 gold pieces.

Inventory:

Hand Weapons
 a - a +0 flail (weapon)
Missiles
 d - 3 throwing nets (quivered)
Armour
 b - a +0 leather armour (worn)
 c - a +0 helmet (worn)
Jewellery
 h - an uncursed ring of ice
 i - an uncursed ring of flight {unknown}
Scrolls
 e - a scroll of random uselessness {unknown}
 f - 6 scrolls of identify {unknown}
 g - a scroll of remove curse {unknown}
 j - a scroll of enchant armour {unknown}
 k - a scroll of blinking {unknown}


   Skills:
 * Level 3.2 Fighting
 * Level 3.3 Maces & Flails
 - Level 1.7 Throwing
 * Level 1.7 Armour
 * Level 3.3 Dodging


You had 3 spell levels left.
You didn't know any spells.
Your spell library was empty.

Dungeon Overview and Level Annotations

Branches:
Dungeon (2/15)

Altars:

Annotations:
D:2 Natasha


Innate Abilities, Weirdness & Mutations

You thrive by killing the living.
You are immune to poison.
You have sharp fingernails.
Your flesh is cold resistant. (rC+)
You are immune to negative energy. (rN+++)
You do not regenerate when monsters are visible.
You are immune to unholy pain and torment.
You can survive without breathing.


Message History

The dart slug barely misses you.
You hit the dart slug.
The dart slug is almost dead.
You sock the dart slug!
You kill the dart slug!
You feel better.
The shadow imp picks up a beetle and eats it.
Natasha claws you.
* * * LOW HITPOINT WARNING * * *
You thump Natasha!
Natasha is heavily wounded.
Natasha wildly gestures.
You feel troubled. Natasha claws you.
* * * LOW HITPOINT WARNING * * *
You sock Natasha!
Natasha is almost dead.
The white imp lashes its tail.
Natasha claws you.
You die...

#..†....### ..........#
#.......# ####......#
........# #......#
#.......# #......#
#.##.#### #......###
#.##.### #####.....
#.##...##### #......
#.####.)...#######5......
.......###......@h5......
........##########5......
.........###### .......
............... .......
.........###### .......
.........# ....(..
.........# .......
.........# .....!.
........##


You could see Natasha, a crimson imp (summoned), a white imp (summoned) and a
shadow imp (summoned).

Vanquished Creatures
  Natasha (D:2)
  Terence (D:2)
  An adder (D:2)
  An ooze (D:1)
  4 dart slugs
  A leopard gecko (D:2)
  2 giant cockroaches
  4 goblins
  6 hobgoblins
  2 kobolds
  A quokka (D:2)
  5 bats
  5 frilled lizards
  3 rats
37 creatures vanquished.

Notes
Turn   | Place    | Note
-------+----------+-------------------------------------------
     0 | D:1      | Borgoz the Ghoul Gladiator began the quest for the Orb.
     0 | D:1      | Reached XP level 1. HP: 17/17 MP: 0/0
   239 | D:1      | Reached XP level 2. HP: 23/25 MP: 1/1
   715 | D:2      | Reached skill level 1 in Armour
   715 | D:2      | Reached XP level 3. HP: 19/30 MP: 2/2
   839 | D:2      | Noticed Natasha
   849 | D:2      | Killed Natasha
   862 | D:2      | Reached XP level 4. HP: 32/37 MP: 3/3
  1074 | D:2      | Noticed Terence
  1080 | D:2      | Noticed Natasha
  1084 | D:2      | Killed Terence
  1116 | D:2      | Slain by Natasha

Illustrated notes

Levels and vault maps discovered:
D:1:      doesnt_arrival_eight_statues, layout_rooms, serial_rivers,
          chequers_serial_rivers_micro_a, chequers_serial_rivers_micro_b,
          chequers_serial_rivers_small_b, chequers_serial_rivers_large_a,
          chequers_serial_rivers_micro_e, chequers_serial_rivers_micro_d
D:2:      layout_rooms, uniq_natasha, uniq_terence

Skill      XL: |  1  2  3  4 |
---------------+-------------+-----
Armour         | 1 |  1.7
Dodging        | 3 |  3.3
Maces & Flails | 3 |  3.3
Fighting       | 3 |  3.2
Throwing       | |  1.7

Action                   |  1- 3 |  4- 6 || total
-------------------------+-------+-------++-------
Melee: Flail             |    74 |    66 ||   140
  Use: Potion            |     1 |       ||     1
Armor: Leather armour    |    46 |    24 ||    70
Dodge: Dodged            |    91 |    64 ||   155
